 Dungeon Crawl Stone Soup version 0.31-a0-263-ge8cad7f256 (webtiles) character file.

Game seed: 13711598779106743049

100 qw the Shooter (level 4, -5/36 HPs)
             Began as a Minotaur Hexslinger on July 13, 2023.
             Killed from afar by an orc wizard (7 damage)
             ... with a magic dart
             ... on level 3 of the Dungeon.
             The game lasted 00:00:45 (1944 turns).

qw the Shooter (Minotaur Hexslinger)                Turns: 1944, Time: 00:00:45

Health: -5/36      AC:  3    Str: 12    XL:     4   Next: 47%
Magic:  4/4        EV: 12    Int: 10    God:
Gold:   102        SH:  0    Dex: 15    Spells: 4/5 levels left

rFire   . . .        Y - +1 sling (freeze)
rCold   . . .        (no shield)
rNeg    . . .        g - +0 leather armour
rPois   .            (helmet restricted)
rElec   .            (no cloak)
rCorr   .            (no gloves)
SInv    .            (no boots)
Will    .....        (no amulet)
Stlth   +            (no ring)
HPRegen 0.26/turn    (no ring)
MPRegen 0.09/turn

%: no passive effects
@: confused
A: horns 2, retaliatory headbutt
a: no special abilities


You were on level 3 of the Dungeon.
You visited 1 branch of the dungeon, and saw 3 of its levels.

You collected 138 gold pieces.
You spent 36 gold pieces at shops.


Innate Abilities, Weirdness & Mutations

You have a pair of horns on your head.
You reflexively headbutt those who attack you in melee.


   Skills:
 + Level 2.1 Fighting
 - Level 5.0 Ranged Weapons
 - Level 2.1 Dodging
 - Level 1.0 Spellcasting
 - Level 2.0 Hexes


You had 4 spell levels left.
You knew the following spells:

 Your Spells              Type           Power      Damage    Failure   Level
a - Slow                  Hex            16%        N/A       19%         1

Your spell library contained the following spells:

 Spells                   Type           Power      Damage    Failure   Level
 Inner Flame              Hex/Fire       2%         N/A       65%         3
 Portal Projectile        Hex/Tloc       4%         N/A       65%         3
 Cause Fear               Hex            2%         N/A       88%         4

Inventory:

Hand Weapons
 Y - a +1 sling of freezing (weapon)
Armour
 c - a +0 robe of cold resistance
 e - a +0 ring mail
 g - a +0 leather armour (worn)
Scrolls
 b - a scroll of identify
 i - 2 scrolls of enchant weapon {unknown}
Potions
 a - a potion of cancellation {unknown}
 d - 2 potions of might {unknown}
 f - a potion of heal wounds
 h - a potion of magic {unknown}
 j - 3 potions of curing

Dungeon Overview and Level Annotations

Branches:
Dungeon (3/15)

Altars:

Shops:
D:2 :*([!   D:3 [


Message History

You shoot a sling bullet. Something hits you.
You shoot a sling bullet. Something completely misses you.
You shoot a sling bullet. Something hits you.
You shoot a sling bullet. Something hits you but does no damage.
You hear some strange, mumbled words.
You are confused.
You shoot a sling bullet. Something hits you.
You shoot a sling bullet. Something hits you.
You shoot a sling bullet. Something hits you.
You shoot a sling bullet. Something hits you. x2
You shoot a sling bullet.
You feel less confused. Something hits you.
You shoot a sling bullet.
You hear some strange, mumbled words.
Something tries to affect you, but you resist.
You shoot a sling bullet.
You hear some strange, mumbled words.
A puff of flame appears from out of thin air!
The puff of flame hits you!
You shoot a sling bullet. Something hits you.
You shoot a sling bullet.
You hear some strange, mumbled words.
You are confused.
You shoot a sling bullet. Something hits you but does no damage.
Something hits you.
You shoot a sling bullet.
You hear some strange, mumbled words.
A magic dart appears from out of thin air!
The magic dart hits you!
You die...

########### #.......o.#
#.#######.### #.#
#...### ##.## #.#....
#####..%## #.###..
#..@{....#####.# #.#
#.###.........#. ##.
#.# ##.#######.# #. #.#
#.# ## #####.# #.#
#.....# #.# ##.#####
#.. ##...## ###
##.....################


There were no monsters in sight!

Vanquished Creatures
  4 adders
  4 worms
  2 dart slugs (D:3)
  3 orcs (D:3)
  2 bats
  5 endoplasms
  A giant cockroach (D:2)
  3 goblins
  4 hobgoblins
  4 jackals
  3 kobolds
  5 ball pythons
  2 frilled lizards
  2 rats
44 creatures vanquished.

Notes
Turn   | Place    | Note
-------+----------+-------------------------------------------
     0 | D:1      | qw the Minotaur Hexslinger began the quest for the Orb.
     0 | D:1      | Reached XP level 1. HP: 16/16 MP: 1/1
     0 | D:1      | 0 ||| qw: Version: 0.3-a-52-g30416fa
     0 | D:1      | 0 ||| qw: Game counter: 7273
     0 | D:1      | 0 ||| qw: Melee chars always use a shield: true
     0 | D:1      | 0 ||| qw: God list: Okawaru
     0 | D:1      | 0 ||| qw: Allow faded altars: false
     0 | D:1      | 0 ||| qw: Do Orc after clearing Dungeon:15 true
     0 | D:1      | 0 ||| qw: Do second Lair branch before Depths: true
     0 | D:1      | 0 ||| qw: Lair rune preference: random
     0 | D:1      | 0 ||| qw: Goals: Normal
     0 | D:1      | 0 ||| PLANNING D:1-11
   196 | D:1      | Reached skill level 3 in Ranged Weapons
   196 | D:1      | Reached XP level 2. HP: 23/23 MP: 2/2
   324 | D:1      | Found a faded altar of an unknown god.
   713 | D:1      | 713 ||| UPGRADING to +0 leather armour.
   723 | D:1      | 723 ||| DROPPING +0 robe.
   724 | D:1      | 724 ||| READING scroll labelled JUOGOPPI BIUNN.
   725 | D:1      | 725 ||| READING scroll labelled LITEEN JAXYN.
   726 | D:1      | 726 ||| DRINKING 2 fuming golden potions.
   727 | D:1      | 727 ||| DROPPING scroll of poison.
   792 | D:2      | Found Fuix's Armour Emporium.
   811 | D:2      | 811 ||| SHOPLISTING +0 ring mail (40 gold, have 28).
   819 | D:2      | Found Locungag's Weapon Emporium.
   822 | D:2      | Found Ifex's General Store.
   833 | D:2      | Reached XP level 3. HP: 26/29 MP: 3/3
   902 | D:2      | Found Cegig's Book Shop.
  1009 | D:2      | Found Iriuts's Distillery.
  1018 | D:2      | 1018 ||| BUYING potion of curing (36 gold).
  1018 | D:2      | Bought a potion of curing for 36 gold pieces
  1018 | D:2      | 1018 ||| SHOPLISTING potion of heal wounds (60 gold, have
                  | 38).
  1018 | D:2      | 1018 ||| SHOPLISTING potion of might (48 gold, have 38).
  1018 | D:2      | 1018 ||| SHOPLISTING potion of mutation (96 gold, have 38).
  1276 | D:2      | 1276 ||| READING scroll labelled RASHRU SORU.
  1277 | D:2      | 1277 ||| READING scroll labelled FUVIUJ CUKE.
  1300 | D:3      | Reached skill level 4 in Ranged Weapons
  1318 | D:3      | Found Ruirunk's Armour Boutique.
  1325 | D:3      | 1325 ||| SHOPLISTING +0 pair of boots (63 gold, have 55).
  1325 | D:3      | 1325 ||| SHOPLISTING +0 ring mail (56 gold, have 55).
  1631 | D:3      | Reached XP level 4. HP: 35/36 MP: 4/4
  1877 | D:3      | Reached skill level 5 in Ranged Weapons
  1894 | D:3      | 1894 ||| FLEEEEING.
  1895 | D:3      | 1895 ||| FLEEEEING.
  1896 | D:3      | 1896 ||| FLEEEEING.
  1897 | D:3      | 1897 ||| FLEEEEING.
  1898 | D:3      | 1898 ||| FLEEEEING.
  1899 | D:3      | 1899 ||| FLEEEEING.
  1900 | D:3      | 1900 ||| FLEEEEING.
  1902 | D:3      | 1902 ||| FLEEEEING.
  1903 | D:3      | 1903 ||| FLEEEEING.
  1904 | D:3      | 1904 ||| FLEEEEING.
  1905 | D:3      | 1905 ||| FLEEEEING.
  1906 | D:3      | 1906 ||| FLEEEEING.
  1914 | D:3      | 1914 ||| FLEEEEING.
  1915 | D:3      | 1915 ||| FLEEEEING.
  1940 | D:3      | HP: 6/36 [something/puff of flame (7)]
  1943 | D:3      | HP: 2/36 [something (3)]
  1944 | D:3      | Killed from afar by an orc wizard

Levels and vault maps discovered:
D:1:      dpeg_arrival_oval, layout_basic,
          hellmonk_ecumenical_altar_pennies_from_heaven, serial_curves,
          eino_curves_03, eino_curves_03
D:2:      layout_basic, serial_shops, nicolae_shop_tiny_statue_garden, shop,
          nicolae_shop_temple_entry_statues_fountains, shop, shop_fountains,
          grunt_ministairs_1
D:3:      layout_loops_ring, mainiacjoe_overflow_swirl, serial_shops,
          nicolae_shop_tiny_waterfront, minmay_misc_feat_rugged,
          roderic_lattice_a

Skill      XL: |  1  2  3  4 |
---------------+-------------+-----
Ranged Weapons | 3 4 5 |  5.0
Fighting       | 2 |  2.1
Dodging        | |  2.1
Spellcasting   | |  1.0
Hexes          | |  2.0

Action                     |  1- 3 |  4- 6 || total
---------------------------+-------+-------++-------
   Fire: Sling             |   100 |    54 ||   154
    Use: Scroll            |     4 |       ||     4
         Potion            |     1 |       ||     1
 Armour: Robe              |     3 |       ||     3
         Leather armour    |     7 |     5 ||    12
  Dodge: Dodged            |    20 |     4 ||    24

Table legend:
 A = Non-vault XP
 B = Vault XP
 C = Vault XP percentage of total XP
 D = Non-vault monster count
 E = Vault monster count
 F = Vault count percentage of total count
                 A         B        C        D         E       F
            +---------+---------+-------+---------+---------+-------
      Total |     135 |       9 |   6.2 |      41 |       3 |   6.8
            +---------+---------+-------+---------+---------+-------
        D:1 |      30 |       0 |   0.0 |      17 |       0 |   0.0
        D:2 |      23 |       9 |  28.1 |       7 |       3 |  30.0
        D:3 |      82 |       0 |   0.0 |      17 |       0 |   0.0
            +---------+---------+-------+---------+---------+-------
